 Seeded DCSS version 0.29.1-15-g9cfb28693d (webtiles) character file.

Game seed: 6279725465790686602 (custom seed)

3253 Psyclone the Fighter (level 9, 0/66 HPs)
             Began as a Deep Elf Conjurer on Sept 24, 2023.
             Killed from afar by Joseph (10 damage)
             ... with a puff of flame
             ... on level 7 of the Dungeon.
             The game lasted 00:14:46 (9081 turns).

Psyclone the Fighter (Deep Elf Conjurer)            Turns: 9081, Time: 00:14:46

Health: 0/66       AC:  6    Str:  2 (4)  XL:     9   Next: 67%
Magic:  0/23       EV: 12    Int: 26 (28) God:
Gold:   374        SH:  0    Dex: 11 (13) Spells: 18/25 levels left

rFire   . . .      SeeInvis .   e - +3 dagger (elec)
rCold   . . .      Faith    .   (no shield)
rNeg    . . .      Spirit   .   a - +0 robe
rPois   .          Reflect  .   B - +2 helmet
rElec   .          Harm     .   (no cloak)
rCorr   .          Rampage  .   f - +0 pair of gloves
Will    .....                   (no boots)
Stlth   ++........              (no amulet)
HPRegen 0.21/turn               (no ring)
MPRegen 0.18/turn               (no ring)

@: very slightly contaminated
A: deterioration 1
a: no special abilities


You were on level 7 of the Dungeon.
You visited 2 branches of the dungeon, and saw 8 of its levels.

You collected 374 gold pieces.

Inventory:

Hand Weapons
 c - a +0 dagger
 e - a +3 dagger of electrocution (weapon)
 j - a +1 dagger of venom
Missiles
 h - a throwing net {!f}
Armour
 a - a +0 robe (worn)
 f - a +0 pair of gloves (worn)
 t - a +1 hat
 B - a +2 helmet (worn)
Magical Staves
 r - a staff of poison
 z - a staff of air
Jewellery
 v - an amulet of regeneration
 C - a ring of fire
Wands
 k - a wand of iceblast (7)
 o - a wand of paralysis (18)
Scrolls
 d - 2 scrolls of teleportation
 i - 2 scrolls of silence {!r}
 m - a scroll of butterflies
 q - 2 scrolls of noise
 s - a scroll of enchant armour
 w - 5 scrolls of identify {@r1}
 y - 2 scrolls of vulnerability
 A - a scroll of fear
Potions
 b - a potion of magic
 g - 3 potions of might
 l - a potion of invisibility
 n - 2 potions of curing


   Skills:
 - Level 12.4 Fighting
 - Level 2.4 Dodging
 - Level 2.4 Stealth
 + Level 8.5 Spellcasting
 + Level 8.0 Conjurations


You had 18 spell levels left.
You knew the following spells:

 Your Spells              Type           Power      Damage    Failure   Level
a - Magic Dart            Conj           100%       1d8       1%          1
b - Searing Ray           Conj           100%       2d8       1%          2
d - Fulminant Prism       Conj/Hex       16%        3d11      11%         4

Your spell library contained the following spells:

 Spells                   Type           Power      Damage    Failure   Level
 Dazzling Flash           Conj/Hex       64%        N/A       3%          3
 Iskenderun's Mystic Bla  Conj/Tloc      32%        2d8       11%         4
 Animate Dead             Necr           11%        N/A       47%         4
 Borgnjor's Vile Clutch   Necr/Erth      5%         N/A       83%         5
 Death Channel            Necr           5%         N/A       100%        6


Dungeon Overview and Level Annotations

Branches:
Dungeon (7/15) Zot: 26183  Temple (1/1) D:4 Zot: 5932

Altars:
Dithmenos
Fedhas
Gozag
Hepliaklqana
Makhleb
Nemelex Xobeh
Okawaru
Qazlal
Ru
Sif Muna
Trog
Vehumet
Wu Jian
Xom
Yredelemnul
Zin
The Shining One

Shops:
D:1 [   D:3 *

Annotations:
D:7 Joseph


Innate Abilities, Weirdness & Mutations

Your body sometimes deteriorates upon taking damage.


Message History

You regained 3 hp, and now have 46/66 hp.
You regained 5 mp, and now have 11/23 mp.
Items here: $ ) [ †.
Casting: Searing Ray (safe; 1% risk of failure)
Confirm with . or Enter, or press ? or * to list all spells.
Aiming: Fulminant Prism (dangerous; 11% risk of failure)
Press: ? - help, Dir - move target You miscast Fulminant Prism.
You are very lightly contaminated with residual magic.
The air around you crackles with energy!
Joseph shouts!
Joseph unwields a +0 quarterstaff.
Joseph wields a +0 sling.
Joseph shoots a sling bullet.
The sling bullet hits you!
Your body deteriorates!
You feel weakened.
You take 22 damage, and have 24/66 hp.
MASSIVE DAMAGE!!
You now have 7/23 mp.
Casting: Fulminant Prism (dangerous; 11% risk of failure)
Confirm with . or Enter, or press ? or * to list all spells.
Aiming: Fulminant Prism (dangerous; 11% risk of failure)
Press: ? - help, Dir - move target You conjure a prism of explosive energy!
A fulminant prism comes into view.
You now have 3/23 mp.
Joseph shoots a sling bullet.
The sling bullet hits you!
* * * LOW HITPOINT WARNING * * *
Your fulminant prism crackles loudly.
You take 8 damage, and have 16/66 hp.
Your fulminant prism explodes!
Casting: Fulminant Prism (dangerous; 11% risk of failure)
Confirm with . or Enter, or press ? or * to list all spells.
Aiming: Fulminant Prism (dangerous; 11% risk of failure)
Press: ? - help, Dir - move target You conjure a prism of explosive energy!
A fulminant prism comes into view.
You now have 0/23 mp.
Joseph zaps a wand.
The puff of flame hits you.
* * * LOW HITPOINT WARNING * * *
Your fulminant prism crackles loudly.
You take 6 damage, and have 10/66 hp.
Joseph zaps a wand.
The puff of flame hits you!
You die...

#♣.♣#..................#.
..
#.##..###..........(....
.. ##.##..#
#..>..........# ..
#..#...###.............#
..
#................†...#.#
..
#...........######.).#.#
..
##....................'.#
..
......................###
..
##...........###@.....#
.. #...........# #......#
. .. #...........#
#.....## ... ..
#...........#
#.....####..... ..
##...########
####.)....@.... .. #...#
#'##*@...... .. #...#
#.....#........ #...#
#.....#........ #...#
#.....#........


You could see Joseph (ally target) and a friendly fulminant prism.

Vanquished Creatures
  Maggie (D:6)
  Grinder (D:4)
  A steam dragon (D:7)
  2 water moccasins
  An orc warrior (D:7)
  A black bear (D:5)
  2 ice beasts
  A centaur (D:5)
  A phantom (D:5)
  A bullfrog (D:7)
  4 scorpions
  8 wights
  A howler monkey (D:6)
  2 hounds
  A jelly (D:6)
  2 orc priests (D:6)
  A gnoll bouda (D:6)
  6 iguanas
  6 orc wizards
  4 adders
  9 gnolls
  2 shadow imps
  2 white imps (D:7)
  An ufetubus (D:6)
  3 worms
  3 dart slugs
  18 orcs
  8 endoplasms
  3 giant cockroaches
  11 goblins
  11 hobgoblins
  4 jackals (D:3)
  7 quokkas
  5 ball pythons
  7 bats
  4 frilled lizards
  3 kobolds
  2 rats
150 creatures vanquished.

Vanquished Creatures (others)
  An iguana (D:7)
  A fulminant prism (D:7)
2 creatures vanquished.

Grand Total: 152 creatures vanquished

Notes
Turn   | Place    | Note
-------+----------+-------------------------------------------
     0 | D:1      | Psyclone the Deep Elf Conjurer began the quest for the Orb.
     0 | D:1      | Reached XP level 1. HP: 10/10 MP: 6/6
   112 | D:1      | Found Yzuitol's Armour Boutique.
   351 | D:1      | Reached XP level 2. HP: 15/15 MP: 0/8
   577 | D:1      | Learned a level 2 spell: Searing Ray
   894 | D:1      | Reached skill level 5 in Conjurations
   894 | D:1      | Reached XP level 3. HP: 19/19 MP: 0/10
   971 | D:1      | Found a faded altar of an unknown god.
  2236 | D:3      | Found a shadowy altar of Dithmenos.
  2238 | D:3      | Reached XP level 4. HP: 24/24 MP: 10/12
  2239 | D:3      | Reached skill level 9 in Fighting
  2239 | D:3      | Reached XP level 5. HP: 41/41 MP: 11/14
  2441 | D:3      | Found a blossoming altar of Fedhas.
  2461 | D:3      | Noticed Grinder
  2463 | D:3      | Found a stormy altar of Qazlal.
  2591 | D:3      | Found a shimmering altar of Xom.
  3008 | D:3      | Found Zin's Purification Station.
  3012 | D:3      | Found a glowing silver altar of Zin.
  3545 | D:4      | Found a staircase to the Ecumenical Temple.
  3557 | Temple   | Entered the Ecumenical Temple
  3692 | D:5      | Entered Level 5 of the Dungeon
  3862 | D:4      | Reached skill level 5 in Spellcasting
  3907 | D:4      | Noticed a water moccasin
  3919 | D:4      | Killed a water moccasin
  3920 | D:4      | Reached XP level 6. HP: 5/47 MP: 4/16
  4169 | D:4      | Reached skill level 12 in Fighting
  4169 | D:4      | Reached XP level 7. HP: 56/56 MP: 17/17
  4898 | D:4      | Killed Grinder
  5227 | D:5      | Reached XP level 8. HP: 62/62 MP: 10/19
  6929 | D:6      | HP: 1/61 [iguana (7)]
  7216 | D:6      | Reached XP level 9. HP: 66/66 MP: 11/22
  7747 | D:6      | Gained mutation: You are agile. (Dex +4, Str/Int -1)
                  | [potion of mutation]
  7747 | D:6      | Gained mutation: You have large cloven feet. [potion of
                  | mutation]
  7748 | D:6      | Lost mutation: You have large cloven feet. [potion of
                  | mutation]
  7748 | D:6      | Lost mutation: You are agile. (Dex +4, Str/Int -1) [potion
                  | of mutation]
  7748 | D:6      | Gained mutation: Your body sometimes deteriorates upon
                  | taking damage. [potion of mutation]
  8007 | D:6      | Noticed Maggie
  8017 | D:6      | Killed Maggie
  8290 | D:7      | Learned a level 4 spell: Fulminant Prism
  9073 | D:7      | Noticed Joseph
  9081 | D:7      | Killed from afar by Joseph

Illustrated notes

Levels and vault maps discovered:
D:1:      tarquinn_simple_flora_water_d, layout_basic,
          ebering_ecumenical_altar_abandoned, serial_shops, nicolae_shop_crystal
D:2:      minmay_spotlight, layout_loops_ring, st_stairs_10, corexii_shack,
          grunt_decor_junction
D:3:      layout_basic, grunt_temple_overflow_forces_of_nature,
          nicolae_dithmenos_shadow_blocks, xom_teletrap_fun, zin_purify,
          roderic_serpentine_path, minivault_14, minmay_misc_feat_more_columns,
          minivault_23, kennysheep_nub, uniq_grinder
D:4:      layout_layer_cave, temple_fountains, hangedman_decor_push,
          feat_on_display
D:5:      layout_basic, corexii_hall_statues_x
D:6:      layout_rooms, uniq_maggie
D:7:      layout_basic, pf_just_have_faith, mainiacjoe_overflow_divided_tiny,
          nicolae_benzene_ring, st_stairs_8, serial_park_tiny_2,
          dreamdust_princess_corridor, uniq_joseph
Temple:   nicolae_temple_x_marks_the_god

Skill      XL: |  1  2  3  4  5  6  7  8  9 |
---------------+----------------------------+-----
Spellcasting   | 4 5 6 7 8 |  8.5
Conjurations   | 5 6 7 8 |  8.0
Fighting       | 9 12 | 12.4
Dodging        | |  2.4
Stealth        | |  2.4

Action                   |  1- 3 |  4- 6 |  7- 9 || total
-------------------------+-------+-------+-------++-------
Melee: Dagger            |       |     1 |    12 ||    13
 Cast: Magic Dart        |    89 |    78 |   106 ||   273
       Searing Ray       |       |     3 |    49 ||    52
       Fulminant Prism   |       |       |     2 ||     2
Evoke: Wand              |       |       |     2 ||     2
  Use: Potion            |       |     5 |    12 ||    17
       Scroll            |       |     5 |     7 ||    12
 Stab: Paralysed         |       |       |     3 ||     3
Armor: Robe              |       |     5 |    35 ||    40
Dodge: Dodged            |     6 |    13 |    78 ||    97
